 Dungeon Crawl Stone Soup version 0.30.0-19-g36f170ea60 (webtiles) character file.

Game seed: 17865520519333823449

75 tizbic2 the Trooper (level 4, -2/41 HPs)
             Began as a Hill Orc Delver on May 27, 2023.
             Was an Initiate of Makhleb.
             Slain by a phantom (4 damage)
             ... on level 5 of the Dungeon.
             The game lasted 00:02:09 (455 turns).

tizbic2 the Trooper (Hill Orc Delver)                Turns: 455, Time: 00:02:09

Health: -2/41      AC:  3    Str: 16    XL:     4   Next: 31%
Magic:  6/6        EV: 11    Int: 10    God:    Makhleb [......]
Gold:   16         SH:  5    Dex: 12    Spells: 3/3 levels left

rFire   . . .        a - +0 hand axe
rCold   . . .        (no shield)
rNeg    . . .        b - +0 leather armour
rPois   .            (no helmet)
rElec   .            (no cloak)
rCorr   .            (no gloves)
SInv    .            (no boots)
Will    .....        e - amulet of reflection
Stlth   ++           (no ring)
HPRegen 0.26/turn    (no ring)
MPRegen 0.10/turn

%: reflection
@: flying
A: no striking features
a: Renounce Religion


You were on level 5 of the Dungeon.
You worshipped Makhleb.
Makhleb was noncommittal.
You visited 2 branches of the dungeon, and saw 2 of its levels.

You collected 16 gold pieces.

Inventory:

Hand Weapons
 a - a +0 hand axe (weapon)
Armour
 b - a +0 leather armour (worn)
 d - a +0 pair of gloves
Jewellery
 e - an amulet of reflection (around neck)
Wands
 g - a wand of digging (3)
Scrolls
 c - a scroll of fog
 i - a scroll of brand weapon {unknown}
Potions
 f - 2 potions of haste
 h - a potion of flight


   Skills:
 * Level 4.7 Fighting
 + Level 3.5 Axes
 - Level 1.5 Dodging
 - Level 4.1 Stealth
 * Level 3.0 Invocations


You had 3 spell levels left.
You didn't know any spells.
Your spell library was empty.

Dungeon Overview and Level Annotations

Branches:
Dungeon (5/15)             Temple (1/1) D:5

Altars:
Dithmenos
Elyvilon
Fedhas
Gozag
Hepliaklqana
Kikubaaqudgha
Makhleb
Nemelex Xobeh
Okawaru
Qazlal
Sif Muna
Trog
Uskayaw
Wu Jian
Xom
Yredelemnul
The Shining One


Message History

It was a potion of flight.
You feel very buoyant.
You fly up into the air.
The phantom hits you.
You hit the phantom but do no damage.
The phantom is moderately damaged.
The phantom barely misses you.
You barely miss the phantom.
The phantom is moderately damaged.
You block the phantom's attack.
You hit the phantom but do no damage.
The phantom is moderately damaged.
You block the phantom's attack.
You hit the phantom.
The phantom is heavily damaged.
The phantom hits you.
You miss the phantom.
The phantom is heavily damaged.
The phantom hits you.
The phantom blinks!
You blink.
You hit the phantom but do no damage.
The phantom is heavily damaged.
The phantom barely misses you.
You hit the phantom.
The phantom is severely damaged.
The phantom hits you. You block the phantom's attack.
You miss the phantom.
The phantom is severely damaged.
The phantom hits you!
* * * LOW HITPOINT WARNING * * *
The phantom blinks!
You blink.
You hit the phantom.
The phantom is severely damaged.
The phantom hits you.
* * * LOW HITPOINT WARNING * * *
You hit the phantom.
The phantom is severely damaged.
The phantom barely misses you.
You hit the phantom.
The phantom is almost destroyed.
The phantom hits you.
You die...

*,,**,,,,,,,,,,**,,,* *,* *
*,,**,***,,,,******** *,* *
*,,,,,* *,,*** *,* *
*,*******.,*###**## *,***
,,,,*,,,...#...,,.# *,,,,
*,*,*,**#....#.##.# ***** *,,,*,*
#.......#.# ####*,*
#...#.#.#.#### ***
...,,,*##.......@....#* *******,,
..######...#.⌠.#.W....#**,,,,,*,*
...).....#.......#......,,,,,,,,,
...###.#...⌠.>.⌠...#.###*,*,*,*,*
##...#...#.......#...# *,*<,,*,*
#....#....#.⌠.#....#* *,*****,*
#......##..........# *,,,^,,,*
#....#####.#.#.##.## *********
#....'..##.....#*,#*********


You could see a phantom.

Vanquished Creatures
  A phantom (D:5)
  An orc (D:5)
2 creatures vanquished.

Notes
Turn   | Place    | Note
-------+----------+-------------------------------------------
     0 | D:5      | tizbic2 the Hill Orc Delver began the quest for the Orb.
     0 | D:5      | Reached XP level 1. HP: 19/19 MP: 1/1
     7 | D:5      | Noticed a phantom
     7 | D:5      | Noticed a water moccasin
    25 | D:5      | Found a staircase to the Ecumenical Temple.
    32 | D:5      | Noticed a jelly
    36 | Temple   | Entered the Ecumenical Temple
   173 | Temple   | Became a worshipper of Makhleb the Destroyer
   268 | D:5      | Killed a phantom
   269 | D:5      | Reached XP level 2. HP: 11/28 MP: 1/4
   269 | D:5      | Reached XP level 3. HP: 13/34 MP: 1/5
   269 | D:5      | Reached XP level 4. HP: 16/41 MP: 1/6
   391 | D:5      | Noticed a phantom
   453 | D:5      | HP: 1/41 [phantom (6)]
   455 | D:5      | Slain by a phantom

Illustrated notes

Levels and vault maps discovered:
D:5:      layout_basic, nicolae_overflow_hidden_temple,
          minmay_temple_entry_sparse_star, nicolae_ossuary_entry_plus,
          minmay_misc_feat_plants
Temple:   minmay_crystal_spiral_temple

Skill      XL: |  1 |
---------------+----+-----
Fighting       | 4 |  4.7
Axes           | 3 |  3.5
Invocations    | 3 |  3.0
Dodging        | |  1.5
Stealth        | |  4.1

Action                     |  1- 3 |  4- 6 || total
---------------------------+-------+-------++-------
  Melee: Hand axe          |    17 |    33 ||    50
         Punch             |       |     1 ||     1
    Use: Scroll            |     2 |       ||     2
         Potion            |       |     1 ||     1
 Armour: Leather armour    |     4 |     1 ||     5
  Dodge: Dodged            |    13 |    17 ||    30
  Block: Other             |       |     9 ||     9
